 Dungeon Crawl Stone Soup version 0.17.0-28-g6e173f8 (webtiles) character file.

354 PossumBlood the Conjurer (level 6, 0/33 HPs)
             Began as a Deep Elf Conjurer on Nov 27, 2015.
             Slain by Grinder (10 damage)
             ... on level 4 of the Dungeon.
             The game lasted 00:10:59 (2801 turns).

PossumBlood the Conjurer (Deep Elf Conjurer)        Turns: 2801, Time: 00:10:59

Health: 0/33       AC:  3    Str:  5    XL:     6   Next: 35%
Magic:  7/17       EV: 13    Int: 22    God:
Gold:   129        SH:  0    Dex: 15    Spells: 3 memorised, 7 levels left

rFire  . . .     SeeInvis .     e - +0 dagger
rCold  . . .     Clarity  .     a - +1 robe
rNeg   . . .     SustAt   .     (no shield)
rPois  .         Gourm    .     (no helmet)
rElec  .         Spirit   .     (no cloak)
rCorr  .         Warding  .     (no gloves)
rMut   .         Stasis   .     (no boots)
MR     .....                    (no amulet)
Stlth  ++........               (no ring)
                                (no ring)

@: not resistant to hostile enchantments, unstealthy
A: no striking features
a: no special abilities


You were on level 4 of the Dungeon.
You were not hungry.

You visited 1 branch of the dungeon, and saw 4 of its levels.

You collected 129 gold pieces.

Inventory:

Hand Weapons
 e - a +0 dagger (weapon)
 n - a +2 whip of electrocution
Armour
 a - a +1 robe (worn)
Jewellery
 d - an uncursed amulet of faith
 f - an uncursed amulet of the gourmand
 h - an uncursed ring of flight {unknown}
Wands
 o - a wand of magic darts (37)
Scrolls
 c - 3 scrolls of identify
 i - a scroll of teleportation
 j - a scroll of blinking
 k - 2 scrolls of remove curse
Potions
 g - a potion of haste
 l - a potion of agility
Books
 b - a book of Conjurations

   Spells                             Type                      Level
   a - Magic Dart                     Conjuration                  1
   b - Searing Ray                    Conjuration                  2
   c - Dazzling Spray                 Conjuration/Hexes            3
   d - Fulminant Prism                Conjuration/Hexes            4
   e - Iskenderun's Mystic Blast      Conjuration                  4
   f - Iskenderun's Battlesphere      Conjuration/Charms           5


   Skills:
 + Level 0.4 Fighting
 - Level 2.4 Dodging
 - Level 2.4 Stealth
 + Level 6.0 Spellcasting
 + Level 7.1 Conjurations


You had 7 spell levels left.
You knew the following spells:

 Your Spells              Type           Power        Failure   Level  Hunger
a - Magic Dart            Conj           ####         1%          1    None
b - Fulminant Prism       Conj/Hex       ###.......   21%         4    ###....
c - Iskenderun's Battles  Conj/Chrm      ###.....     63%         5    #####..


Dungeon Overview and Level Annotations

Branches:
Dungeon (4/15)             Temple (0/1) D:4

Altars:
Elyvilon

Annotations:
D:4 Grinder


Message History

The magic dart hits Grinder.
Grinder is heavily wounded.
Grinder hits you.
You writhe in agony.
Casting: Magic Dart
Confirm with . or Enter, or press ? or * to list all spells.
Aiming: Magic Dart
Press: ? - help, Shift-Dir - straight line, f/p - Grinder
Aim: Grinder (heavily wounded)
The magic dart hits Grinder.
Grinder is severely wounded.
Grinder hits you!
You writhe in agony.
Casting: Magic Dart
Confirm with . or Enter, or press ? or * to list all spells.
Aiming: Magic Dart
Press: ? - help, Shift-Dir - straight line, f/p - Grinder
Aim: Grinder (severely wounded)
The magic dart hits Grinder.
Grinder is severely wounded.
Grinder hits you!
You die...

*,**#.#.#.######.#,*
***** *,**,*#.#..##
*,,,* *,*,###.#.#.##
*,,,* *,,,.........#
*,,,*******
***,###.#.#..#
*,,,,,,,,,,
**,*#.#..#.#
*,,,***,,,<
*#.#)#.##.#
*,,,,,,,***
*#....##.# **,,**,,*
##.#@##.#***,,**,,*
#...5W.....,,**,,***
###.##.####,***,,*,,
#.#*.#***,,,,,,,,,
#..,,,,,,,****,***
###*,,,,,,,,,,,*
*************


You could see Grinder and a phantom.

Vanquished Creatures
  A phantom (D:4)
  A giant frog (D:3)
  The ghost of PossumBlood the Conjurer, a weakling DECj (D:3)
  An orc priest (D:3)
  Jessica (D:3)
  4 adders
  An ooze (D:3)
  2 worms (D:2)
  6 orcs (D:3)
  A ball python (D:4)
  7 bats
  7 goblins
  10 hobgoblins
  2 jackals (D:1)
  3 quokkas
  4 giant cockroaches
  A giant newt (D:2)
  5 kobolds
  3 rats
61 creatures vanquished.

Notes
Turn   | Place    | Note
--------------------------------------------------------------
     0 | D:1      | PossumBlood the Deep Elf Conjurer began the quest for the Orb.
     0 | D:1      | Reached XP level 1. HP: 10/10 MP: 6/6
   250 | D:1      | Reached XP level 2. HP: 15/15 MP: 2/8
   696 | D:2      | Reached skill level 5 in Conjurations
   867 | D:2      | Found a white marble altar of Elyvilon.
  1122 | D:2      | Reached XP level 3. HP: 19/19 MP: 6/10
  1661 | D:3      | Noticed Jessica
  1666 | D:3      | Killed Jessica
  1666 | D:3      | Reached XP level 4. HP: 24/24 MP: 7/12
  1685 | D:3      | Noticed PossumBlood's ghost (weakling DECj)
  1688 | D:3      | Killed PossumBlood's ghost
  1688 | D:3      | Reached skill level 6 in Conjurations
  1735 | D:3      | Noticed a giant frog
  1741 | D:3      | Killed a giant frog
  1741 | D:3      | Reached skill level 5 in Spellcasting
  1741 | D:3      | Reached XP level 5. HP: 22/28 MP: 0/14
  1866 | D:3      | Learned a level 4 spell: Fulminant Prism
  1872 | D:3      | Learned a level 5 spell: Iskenderun's Battlesphere
  2526 | D:4      | Noticed a phantom
  2538 | D:4      | Killed a phantom
  2538 | D:4      | Reached skill level 7 in Conjurations
  2538 | D:4      | Reached XP level 6. HP: 29/33 MP: 4/17
  2790 | D:4      | Noticed Grinder
  2792 | D:4      | Noticed a phantom
  2801 | D:4      | Slain by Grinder

Action                   |  1- 3 |  4- 6 || total
-------------------------+-------+-------++-------
 Cast: Magic Dart        |    76 |    80 ||   156
  Use: Potion            |     5 |     1 ||     6
       Scroll            |     6 |     2 ||     8
  Eat: Bread ration      |     1 |     1 ||     2
